 Dungeon Crawl Stone Soup version 0.24-a0-254-gf493760 (webtiles) character file.

Game seed: 1251659235224210334

102 gramm the Poker (level 4, -7/43 HPs)
             Began as a Naga Monk on Apr 19, 2019.
             Shot with an arrow by a centaur (10 damage)
             ... on level 3 of the Dungeon.
             The game lasted 00:04:03 (2333 turns).

gramm the Poker (Naga Monk)                         Turns: 2333, Time: 00:04:03

Health: -7/43      AC:  3    Str: 11 (14) XL:     4   Next: 78%
Magic:  4/4        EV: 10    Int: 13 (16) God:
Gold:   69         SH:  0    Dex: 11 (13) Spells: 3/3 levels left

rFire    . . .     SeeInvis +   a - +0 spear
rCold    . . .     Gourm    .   (no shield)
rNeg     . . .     Faith    .   b - +0 robe
rPois    +         Spirit   .   (no helmet)
rElec    .         Reflect  .   (no cloak)
rCorr    .         Harm     .   (no gloves)
MR       .....                  (no barding)
Stlth    ++........             (no amulet)
HPRegen  0.14/turn              (no ring)
MPRegen  0.09/turn              (no ring)

@: brilliant, very slightly contaminated, invisible, very slow
A: large, stinger 1, rugged brown scales 1, see invisible, deformed body, poison
resistance, slowness 2, slow metabolism 1, spit poison 1, AC +1
a: Spit Poison


You were on level 3 of the Dungeon.
You were hungry.

You visited 1 branch of the dungeon, and saw 3 of its levels.

You collected 69 gold pieces.

Inventory:

Hand Weapons
 a - a +0 spear (weapon)
Armour
 b - a +0 robe (worn)
Scrolls
 j - a scroll of magic mapping
Potions
 i - a potion of brilliance
Comestibles
 c - 3 rations
 l - 2 chunks of flesh


   Skills:
 - Level 3.0 Fighting
 + Level 5.3 Polearms
 - Level 2.4 Dodging
 - Level 3.0 Stealth


You had 3 spell levels left.
You didn't know any spells.
Your spell library was empty.

Dungeon Overview and Level Annotations

Branches:
Dungeon (3/15)

Altars:
Dithmenos
Elyvilon
Xom


Innate Abilities, Weirdness & Mutations

You cannot wear boots.
Your serpentine skin is tough. (AC +1)
You have supernaturally acute eyesight. (SInv)
Armour fits poorly on your strangely shaped body.
Your system is resistant to poisons. (rPois)
You cover ground very slowly.
You have a slow metabolism.
You can spit poison.
Your tail ends in a poisonous barb.
You are partially covered in rugged brown scales. (AC +1, +3% HP)


Message History

Evoke which item? (* to show all) (? for menu, Esc to quit)
Okay, then.
Okay, then.
Okay, then.
You hit the centaur but do no damage.
The centaur is moderately wounded.
The centaur shouts!
The kobold throws a stone.
The stone hits the centaur but does no damage.
The centaur hits you but does no damage.
You strike the helpless centaur from behind!
You hit the centaur but do no damage. You tail-slap the centaur.
The centaur looks even sicker.
The centaur is heavily wounded.
You have got your breath back.
The centaur wields a +2 shortbow of freezing.
It is covered in frost.
The centaur shoots an arrow.
The arrow hits you but does no damage.
The centaur shoots an arrow.
The arrow misses the kobold.
The arrow hits you!
You die...

#.#.#...#
#.##..#####
#. #......#
#. ##>###.#
##### #
##c##.###...#
.+
#(((g(w#.8§+
..#
#K####(#§§§#
.^# #.#
#.#§§§#..#
#@# #.c§8c'#
#.# ###§§.#w#
#.# #§g§# .#
#.# #.8.+ ..
..# #...# ##
### #####


You could see a centaur and a kobold.

Vanquished Creatures
  Robin (D:3)
  3 adders (D:2)
  3 worms
  2 dart slugs (D:1)
  A giant cockroach (D:1)
  9 goblins
  7 hobgoblins
  3 jackals (D:2)
  4 kobolds
  10 bats
  5 frilled lizards
  3 rats
51 creatures vanquished.

Vanquished Creatures (others)
  A bat (D:3)
1 creature vanquished.

Grand Total: 52 creatures vanquished

Notes
Turn   | Place    | Note
-------+----------+-------------------------------------------
     0 | D:1      | gramm the Naga Monk began the quest for the Orb.
     0 | D:1      | Reached XP level 1. HP: 21/21 MP: 1/1
   256 | D:1      | Reached XP level 2. HP: 15/28 MP: 2/2
   960 | D:2      | Reached skill level 4 in Polearms
  1169 | D:2      | Reached XP level 3. HP: 34/34 MP: 3/3
  1299 | D:2      | Found a white marble altar of Elyvilon.
  1300 | D:2      | Found a shadowy altar of Dithmenos.
  1425 | D:2      | Found a shimmering altar of Xom.
  1647 | D:2      | Reached XP level 4. HP: 24/42 MP: 4/4
  1786 | D:2      | Reached skill level 5 in Polearms
  1977 | D:3      | Noticed Robin
  1996 | D:3      | Killed Robin
  2310 | D:3      | Noticed a centaur
  2327 | D:3      | Gained mutation: You are partially covered in rugged brown
                  | scales. (AC +1, +3% HP) [potion of mutation]
  2327 | D:3      | Gained mutation: Your tail ends in a poisonous barb.
                  | [potion of mutation]
  2327 | D:3      | HP: 2/43 [centaur (6)]
  2333 | D:3      | Shot with an arrow by a centaur

Levels and vault maps discovered:
D:1:      wander_arrival_desolate, layout_loops_ring
D:2:      layout_loops_cross, nicolae_overflow_crystal_walls, minitemple,
          bh_chokoban
D:3:      minmay_chambers_of_threes, layout_basic, first_ration, uniq_robin

Skill      XL: |  1  2  3  4 |
---------------+-------------+-----
Polearms       | 4 5 |  5.3
Fighting       | |  3.0
Dodging        | |  2.4
Stealth        | |  3.0

Action                   |  1- 3 |  4- 6 || total
-------------------------+-------+-------++-------
Melee: Spear             |   152 |    83 ||   235
       Tailslap          |       |     1 ||     1
 Abil: Spit Poison       |    11 |    10 ||    21
  Use: Scroll            |     4 |     1 ||     5
       Potion            |     1 |     6 ||     7
 Stab: Sleeping          |     7 |     1 ||     8
       Invisible         |       |     1 ||     1
  Eat: Chunk             |     2 |     2 ||     4
Armor: Robe              |    24 |    18 ||    42
Dodge: Dodged            |    72 |    43 ||   115

Table legend:
 A = Non-vault XP
 B = Vault XP
 C = Vault XP percentage of total XP
 D = Non-vault monster count
 E = Vault monster count
 F = Vault count percentage of total count
                 A         B        C        D         E       F
            +---------+---------+-------+---------+---------+-------
      Total |     115 |      32 |  21.8 |      41 |      10 |  19.6
            +---------+---------+-------+---------+---------+-------
        D:1 |      28 |       0 |   0.0 |      15 |       0 |   0.0
        D:2 |      79 |       0 |   0.0 |      22 |       0 |   0.0
        D:3 |       8 |      32 |  80.0 |       4 |      10 |  71.4
            +---------+---------+-------+---------+---------+-------
